 Dungeon Crawl Stone Soup version 0.30.1-9-gdf580d7c3d (webtiles) character file.

Game seed: 16180948486808047228

27 dudeguy1241 the Chiller (level 2, -1/19 HPs)
             Began as a Demonspawn Ice Elementalist on Oct 17, 2023.
             Killed from afar by Sigmund (5 damage)
             ... with a magic dart
             ... on level 2 of the Dungeon.
             The game lasted 00:05:06 (950 turns).

dudeguy1241 the Chiller (DsIE)                       Turns: 950, Time: 00:05:08

Health: -1/19      AC:  2    Str: 14    XL:     2   Next: 93%
Magic:  5/5        EV: 12    Int: 16    God:
Gold:   18         SH:  0    Dex: 13    Spells: 4/5 levels left

rFire   . . .        (no weapon)
rCold   . . .        (no shield)
rNeg    . . .        a - +0 robe
rPois   .            (helmet restricted)
rElec   .            (no cloak)
rCorr   .            (no gloves)
SInv    .            (no boots)
Will    .....        (no amulet)
Stlth   ++           f - +6 ring of strength
HPRegen 0.23/turn    (no ring)
MPRegen 0.09/turn

%: no passive effects
@: flying
A: antennae 1
a: no special abilities


You were on level 2 of the Dungeon.
You visited 1 branch of the dungeon, and saw 2 of its levels.

You collected 18 gold pieces.

Inventory:

Armour
 a - a +0 robe (worn)
 e - a +0 robe
 k - the +0 leather armour of the Fife {rPois Str+3 Dex-4}
   (You found it on level 2 of the Dungeon)

   Str:       It affects your strength (+3).
   Dex:       It affects your dexterity (-4).
   rPois:     It protects you from poison.
Jewellery
 f - a +6 ring of strength (left hand)
Scrolls
 d - a scroll of teleportation
 h - a scroll of identify {unknown}
 i - a scroll of magic mapping {unknown}
 j - 2 scrolls of vulnerability {unknown}
Potions
 b - a potion of magic


   Skills:
 + Level 1.9 Dodging
 + Level 2.0 Stealth
 + Level 2.3 Spellcasting
 + Level 4.1 Ice Magic


You had 4 spell levels left.
You knew the following spells:

 Your Spells              Type           Power      Damage    Failure   Level
a - Freeze                Ice            60%        1d7       3%          1

Your spell library contained the following spells:

 Spells                   Type           Power      Damage    Failure   Level
 Frozen Ramparts          Ice            30%        1d5       11%         3
 Ozocubu's Armour         Ice            15%        N/A       11%         3
 Summon Ice Beast         Ice/Summ       8%         N/A       63%         4


Dungeon Overview and Level Annotations

Branches:
Dungeon (2/15)

Altars:

Annotations:
D:2 Sigmund


Innate Abilities, Weirdness & Mutations

You have a pair of small antennae on your head.


Message History

There is a stone staircase leading down here.
You climb downwards.
Found a faintly glowing leather armour.
There is a stone staircase leading up here.
You see here the +0 leather armour of the Fife {rPois Str+3 Dex-4}.
k - the +0 leather armour of the Fife {rPois Str+3 Dex-4}
As you read the scroll labelled CYUHAL QOTOYKH, it crumbles to dust.
You feel strangely unstable.
It was a scroll of teleportation.
Your surroundings suddenly seem different.
Sigmund the Dreaded comes into view.
He is wielding a +0 scythe and carrying a wand of flame (15).
Sigmund shouts!
Sigmund gestures at you while chanting. The magic dart hits you.
Sigmund gestures at you while chanting.
You are confused.
You bump into the rock wall.
Sigmund points at you and mumbles some strange words.
The puff of flame hits you!
It was a potion of flight.
You feel very buoyant.
You fly up into the air.
Sigmund casts a spell.
Sigmund flickers and vanishes!
Deactivating autopickup; reactivate with Ctrl-A.
You are too confused!
A puff of flame appears from out of thin air!
The puff of flame hits you!
* * * LOW HITPOINT WARNING * * *
You bump into the rock wall.
You feel less confused.
A ball python comes into view.
Found 8 gold pieces.
Something tries to affect you, but you resist.
As you read the scroll labelled QAIJIBOHAL, it crumbles to dust.
You hear a loud clanging noise!
It was a scroll of noise.
You hear an angry hiss.
A magic dart appears from out of thin air!
The magic dart hits you.
You die...

#...# #...#
#...# #...#
##.## ####
#.{# ..# ##.#
#.# #.#
#@####.##.##.
#....{........
#..###.#......
#...#
.....$...
#.#..
.#...##..
.....##. ..##
. #.##.....
..# ... #.....
.S# .. #.#. ##


There were no monsters in sight!

Vanquished Creatures
  2 ball pythons (D:1)
  4 endoplasms (D:1)
  A giant cockroach (D:1)
  3 goblins (D:1)
  A hobgoblin (D:1)
  3 jackals (D:1)
  2 kobolds (D:1)
  A quokka (D:1)
  2 bats (D:1)
  3 frilled lizards (D:1)
  3 rats (D:1)
25 creatures vanquished.

Notes
Turn   | Place    | Note
-------+----------+-------------------------------------------
     0 | D:1      | dudeguy1241 the Demonspawn Ice Elementalist began the quest
                  | for the Orb.
     0 | D:1      | Reached XP level 1. HP: 13/13 MP: 3/3
   241 | D:1      | Gained mutation: You have a pair of small antennae on your
                  | head. [demonic ancestry]
   241 | D:1      | Reached XP level 2. HP: 14/19 MP: 0/5
   373 | D:1      | Reached skill level 4 in Ice Magic
   927 | D:2      | Identified the +0 leather armour of the Fife {rPois Str+3
                  | Dex-4}
   932 | D:2      | Noticed Sigmund
   950 | D:2      | Killed from afar by Sigmund

Illustrated notes

Levels and vault maps discovered:
D:1:      dpeg_arrival_pits, layout_rooms, serial_bayou_pond_a,
          hangedman_decor_growths, nrook_mini_backslash
D:2:      layout_loops_cross, shapermc_ecumenical_altar_venn, minmay_cupped,
          uniq_sigmund

Skill      XL: |  1  2 |
---------------+-------+-----
Stealth        | 2 |  2.0
Ice Magic      | 4 |  4.1
Dodging        | |  1.9
Spellcasting   | |  2.3

Action                     || total
---------------------------++-------
  Melee: Unarmed           ||     5
   Cast: Freeze            ||    38
    Use: Scroll            ||     2
         Potion            ||     1
 Armour: Robe              ||     7
  Dodge: Dodged            ||    27
